Sabres vs Lightning

Created - October 26, 2016 at 17:59

Goals
1 2 3 T
Sabres 2 1 1 4
Lightning 0 1 1 2
Shots
1 2 3 T
Sabres 7 7 9 23
Lightning 14 4 11 29

1st period

1. Sabres , Kyle Palmieri 2 (Kyle Turris, Johnny Oduya) at 3:43
2. Sabres , Thomas Vanek 1 (Nazem Kadri, Oliver Ekman-Larsson) at 8:04

Penalties :
Johnny Oduya (BUF) for Boarding (Minor) at 12:35

2nd period

3. Lightning , Johnny Gaudreau 4 (Kevin Klein, Jeff Carter) at 14:24
4. Sabres , Jacob Josefson 1 (Kris Versteeg, Lars Eller) at 18:40

Penalties :
Andrej Sekera (TBL) for Hooking (Minor) at 3:56, Troy Brouwer (TBL) for Holding (Minor) at 7:15, Zach Hyman (BUF) for Hooking (Minor) at 9:54

3rd period

5. Lightning , Johnny Gaudreau 5 (Jeff Carter, Radim Vrbata) at 2:44
6. Sabres , Gustav Nyquist 3 (Braydon Coburn) at 12:32

Penalties :
Oliver Ekman-Larsson (BUF) for Goalie Interference (Minor) at 4:04, David Schlemko (TBL) for Cross-checking (Minor) at 6:44

Goalie Stats

Jhonas Enroth (BUF), 27 saves from 29 shots - (0.931), W, 1-1-0, 60:00 minutes
Kari Lehtonen (TBL), 19 saves from 23 shots - (0.826), L, 1-4-0, 60:00 minutes

Players Stats for Sabres

Player Name              G  A  P  +/- PIM S  H  SB GA TA FO     MP     PP MP  PK MP  
------------------------------------------------------------------------------------
Braydon Coburn           0  1  1   2  0   2  2  1  0  0  0/0    14:40   0:07   0:00 
Daniel Winnik            0  0  0   0  0   0  0  1  0  0  3/5    14:49   0:00   4:07 
Francois Beauchemin      0  0  0   1  0   0  0  0  0  0  0/0    24:52   3:20   3:38 
Gustav Nyquist           1  0  1   0  0   3  0  0  0  0  0/0    13:13   2:31   0:00 
Jacob Josefson           1  0  1   1  0   3  0  0  0  0  3/6     8:04   0:00   0:00 
Johnny Oduya             0  1  1  -1  2   0  0  1  0  0  0/0    19:37   2:30   1:29 
Josh Gorges              0  0  0   2  0   0  3  1  0  0  0/0    18:58   0:00   2:24 
Kris Versteeg            0  1  1   1  0   0  0  0  0  0  0/0     8:04   0:00   0:00 
Kyle Palmieri            1  0  1   1  0   5  2  0  0  0  0/2    20:07   2:48   1:15 
Kyle Turris              0  1  1   1  0   3  1  0  0  0  6/18   19:30   3:26   0:00 
Lars Eller               0  1  1   1  0   0  0  0  0  0  1/2     9:01   0:00   0:57 
Matt Cullen              0  0  0   0  0   0  0  0  0  0  3/6    18:14   0:38   4:20 
Nazem Kadri              0  1  1   0  0   1  3  1  0  0  7/17   17:02   2:31   1:15 
Nino Niederreiter        0  0  0   1  0   0  2  0  0  0  0/1    18:35   2:31   0:00 
Oliver Ekman-Larsson     0  1  1   1  2   0  6  0  0  0  0/0    22:19   3:20   1:06 
Rasmus Ristolainen       0  0  0  -1  0   0  2  1  0  0  0/0    19:32   2:37   3:17 
Thomas Vanek             1  0  1   0  0   4  0  0  0  0  0/0    16:42   3:26   0:00 
Zach Hyman               0  0  0   0  2   2  2  0  0  0  3/11   10:41   0:00   0:00 

Players Stats for Lightning

Player Name              G  A  P  +/- PIM S  H  SB GA TA FO     MP     PP MP  PK MP  
------------------------------------------------------------------------------------
Andre Benoit             0  0  0  -2  0   0  0  0  0  0  0/0    14:00   0:00   1:07 
Andrej Sekera            0  0  0  -1  2   0  1  2  0  0  0/0    23:00   2:24   1:46 
Brad Hunt                0  0  0  -2  0   1  2  0  0  0  0/0    16:49   2:24   2:44 
David Schlemko           0  0  0  -1  2   1  0  1  0  0  0/0    18:57   0:00   1:01 
Eric Fehr                0  0  0   0  0   0  2  0  0  0  3/5     7:07   0:00   1:51 
Erik Gudbranson          0  0  0   1  0   1  2  0  0  0  0/0    23:59   3:33   2:39 
Henrik Sedin             0  0  0  -1  0   4  0  0  0  0  11/19  13:06   3:28   0:25 
Jeff Carter              0  2  2   1  0   4  1  0  0  0  13/22  21:58   2:29   0:00 
Johnny Gaudreau          2  0  2   1  0   3  0  0  0  0  1/1    22:03   2:29   0:00 
Kevin Klein              0  1  1   1  0   1  0  0  0  0  0/0    23:13   3:33   2:37 
Nick Spaling             0  0  0   0  0   0  0  0  0  0  0/0     1:33   0:00   1:33 
Patric Hornqvist         0  0  0  -2  0   5  4  0  0  0  1/2    17:36   3:28   0:00 
Radim Vrbata             0  1  1   1  0   2  1  0  0  0  0/0    21:58   2:29   0:00 
Teddy Purcell            0  0  0  -2  0   0  0  0  0  0  0/1    17:36   3:28   0:00 
Tobias Rieder            0  0  0  -1  0   4  0  0  0  0  0/0    14:24   0:00   0:00 
Tomas Fleischmann        0  0  0   0  0   1  0  0  0  0  0/0     8:40   0:00   3:24 
Travis Zajac             0  0  0  -2  0   2  1  0  0  0  13/18  17:49   0:00   3:41 
Troy Brouwer             0  0  0  -1  2   0  1  0  0  0  0/0    10:12   0:00   1:00 

3 Stars

1 - Johnny Gaudreau (TBL)
2 - Kyle Palmieri (BUF)
3 - Jeff Carter (TBL)

Power Play

Sabres - 0 on 3 Attempt(s) - 0.00%
Lightning - 0 on 3 Attempt(s) - 0.00%

Penalty Kill

Sabres - 3 on 3 Attempt(s) - 100.00% - Score 0 goal in Penalty Kill
Lightning - 3 on 3 Attempt(s) - 100.00% - Score 0 goal in Penalty Kill

Team Stat

Sabres - Hits : 23 - Faceoff Wins : 26 - Blocked Shots : 6 - Penalty Minutes : 6
Lightning - Hits : 15 - Faceoff Wins : 42 - Blocked Shots : 3 - Penalty Minutes : 6

Official

Referees : Kevin Pollock and Ghislain Hebert
Linesman : Mark Wheler and Scott Driscoll

Game Notes

No Game Note

Finance

Level 1 -- Attendance: 5534 (85.14%) -- Ticket Income $608,740
Level 2 -- Attendance: 3714 (74.28%) -- Ticket Income $352,830
Level 3 -- Attendance: 2372 (67.77%) -- Ticket Income $177,900
Level 4 -- Attendance: 2778 (86.70%) -- Ticket Income $125,010
Luxury Box -- Attendance: 511 (51.10%) -- Ticket Income $183,960
Game was played at the Amalie Arena.
Total Attendance: 14909 (77.63%)
Total Ticket Income: $1,448,440
Other Income: $217,266
Total Income: $1,665,706

% Time on Ice - Sabres

Lines # - Real PCT - Wanted PCT - Time Play
Normal Forward
1 - 33% - 40% - 16:04
2 - 28% - 30% - 13:16
3 - 22% - 20% - 10:42
4 - 17% - 10% - 8:04
Normal Defense
1 - 37% - 40% - 17:54
2 - 28% - 30% - 13:38
3 - 30% - 20% - 14:33
4 - 4% - 10% - 2:01
PP Forward
1 - 58% - 60% - 3:26
2 - 42% - 40% - 2:31
PP Defense
1 - 56% - 60% - 3:20
2 - 44% - 40% - 2:37
PK Forward
1 - 79% - 60% - 4:42
2 - 21% - 40% - 1:15
PK Defense
1 - 46% - 60% - 2:43
2 - 54% - 40% - 3:14
PK3 Forward
1 - 0% - 60%
2 - 0% - 40%
PK3 Defense
1 - 0% - 60%
2 - 0% - 40%
44 Forward
1 - 0% - 60%
2 - 0% - 40%
44 Defense
1 - 0% - 60%
2 - 0% - 40%
Last Minute Offensive  - 0:00
Last Minute Defensive  - 0:00
Total
Forward - 60:00
Defense - 60:00

% Time on Ice - Lightning

Lines # - Real PCT - Wanted PCT - Time Play
Normal Forward
1 - 41% - 40% - 19:29
2 - 29% - 30% - 14:08
3 - 19% - 20% - 9:13
4 - 11% - 10% - 5:16
Normal Defense
1 - 35% - 40% - 17:03
2 - 37% - 30% - 17:57
3 - 24% - 20% - 11:41
4 - 3% - 10% - 1:25
PP Forward
1 - 42% - 60% - 2:29
2 - 58% - 40% - 3:28
PP Defense
1 - 60% - 60% - 3:33
2 - 40% - 40% - 2:24
PK Forward
1 - 69% - 60% - 4:06
2 - 31% - 40% - 1:51
PK Defense
1 - 37% - 60% - 2:12
2 - 63% - 40% - 3:45
PK3 Forward
1 - 0% - 60%
2 - 0% - 40%
PK3 Defense
1 - 0% - 60%
2 - 0% - 40%
44 Forward
1 - 0% - 60%
2 - 0% - 40%
44 Defense
1 - 0% - 60%
2 - 0% - 40%
Last Minute Offensive  - 0:00
Last Minute Defensive  - 0:00
Total
Forward - 60:00
Defense - 60:00

Play by Play

1st period


0:01 of 1st period - Jeff Carter wins face-off versus Kyle Turris in neutral zone.
0:04 of 1st period - Shot by Johnny Gaudreau.
0:04 of 1st period - Shot Misses the Net.
1:08 of 1st period - Thomas Vanek is hit by Travis Zajac and loses puck.
1:25 of 1st period - Shot by Patric Hornqvist.
1:25 of 1st period - Stopped by Jhonas Enroth with a rebound.
1:27 of 1st period - Shot by Teddy Purcell.
1:27 of 1st period - Shot Misses the Net.
1:31 of 1st period - Shot by Travis Zajac.
1:31 of 1st period - Shot Hit the Post.
1:33 of 1st period - Shot by Travis Zajac.
1:33 of 1st period - Shot Misses the Net.
1:35 of 1st period - Shot by Travis Zajac.
1:35 of 1st period - Shot Misses the Net.
1:37 of 1st period - Shot by Travis Zajac.
1:37 of 1st period - Shot Misses the Net.
1:39 of 1st period - Shot by Travis Zajac.
1:39 of 1st period - Shot Blocked by Rasmus Ristolainen.
1:43 of 1st period - Shot by Patric Hornqvist.
1:43 of 1st period - Stopped by Jhonas Enroth without a rebound.
1:44 of 1st period - Daniel Winnik wins face-off versus Henrik Sedin in Sabres zone.
1:44 of 1st period - Daniel Winnik is hit by Troy Brouwer.
1:56 of 1st period - Shot by Gustav Nyquist.
1:56 of 1st period - Stopped by Kari Lehtonen with a rebound.
1:58 of 1st period - Shot by Josh Gorges.
1:58 of 1st period - Deflect By Zach Hyman.
1:58 of 1st period - Stopped by Kari Lehtonen with a rebound.
2:00 of 1st period - Shot by Braydon Coburn.
2:00 of 1st period - Stopped by Kari Lehtonen without a rebound.
2:01 of 1st period - Eric Fehr wins face-off versus Jacob Josefson in Lightning zone.
2:24 of 1st period - Shot by Tomas Fleischmann.
2:24 of 1st period - Shot Misses the Net.
2:31 of 1st period - Off-side.
2:32 of 1st period - Travis Zajac wins face-off versus Zach Hyman in neutral zone.
3:15 of 1st period - Icing by Braydon Coburn.
3:16 of 1st period - Henrik Sedin wins face-off versus Zach Hyman in Sabres zone.
3:16 of 1st period - Troy Brouwer is hit by Braydon Coburn and loses puck.
3:41 of 1st period - Shot by Kyle Turris.
3:41 of 1st period - Shot Misses the Net.
3:43 of 1st period - Shot by Kyle Palmieri.
3:43 of 1st period - Goal by Kyle Palmieri - Sabres : 1 - Lightning : 0.
3:44 of 1st period - Nazem Kadri wins face-off versus Jeff Carter in neutral zone.
4:14 of 1st period - Nazem Kadri is hit by Andrej Sekera and loses puck.
4:38 of 1st period - Icing by David Schlemko.
4:39 of 1st period - Jeff Carter wins face-off versus Kyle Turris in Lightning zone.
5:53 of 1st period - Icing by Kevin Klein.
5:54 of 1st period - Jacob Josefson wins face-off versus Henrik Sedin in Lightning zone.
6:10 of 1st period - Icing by Kevin Klein.
6:11 of 1st period - Henrik Sedin wins face-off versus Nazem Kadri in Lightning zone.
6:11 of 1st period - Henrik Sedin is hit by Nazem Kadri.
6:39 of 1st period - Icing by Andre Benoit.
6:40 of 1st period - Travis Zajac wins face-off versus Zach Hyman in Lightning zone.
6:45 of 1st period - Daniel Winnik is hit by Patric Hornqvist and loses puck.
7:03 of 1st period - Daniel Winnik is hit by Brad Hunt and loses puck.
7:32 of 1st period - Shot by Thomas Vanek.
7:32 of 1st period - Stopped by Kari Lehtonen with a rebound.
7:34 of 1st period - Shot by Oliver Ekman-Larsson.
7:34 of 1st period - Shot Misses the Net.
8:04 of 1st period - Shot by Thomas Vanek.
8:04 of 1st period - Goal by Thomas Vanek - Sabres : 2 - Lightning : 0.
8:05 of 1st period - Eric Fehr wins face-off versus Kyle Turris in neutral zone.
8:08 of 1st period - Nino Niederreiter is hit by Eric Fehr and loses puck.
8:27 of 1st period - Shot by Tomas Fleischmann.
8:27 of 1st period - Shot Misses the Net.
8:29 of 1st period - Shot by Tobias Rieder.
8:29 of 1st period - Stopped by Jhonas Enroth with a rebound.
8:39 of 1st period - Shot by Tobias Rieder.
8:39 of 1st period - Stopped by Jhonas Enroth with a rebound.
9:29 of 1st period - Shot by Patric Hornqvist.
9:29 of 1st period - Stopped by Jhonas Enroth without a rebound.
9:30 of 1st period - Jeff Carter wins face-off versus Jacob Josefson in Sabres zone.
10:08 of 1st period - Shot by Kris Versteeg.
10:08 of 1st period - Shot Blocked by David Schlemko.
11:21 of 1st period - Off-side.
11:22 of 1st period - Zach Hyman wins face-off versus Travis Zajac in neutral zone.
12:32 of 1st period - Shot by Jeff Carter.
12:32 of 1st period - Stopped by Jhonas Enroth with a rebound.
12:34 of 1st period - Shot by Johnny Gaudreau.
12:34 of 1st period - Stopped by Jhonas Enroth without a rebound.
12:35 of 1st period - Eric Fehr wins face-off versus Nino Niederreiter in Sabres zone.
12:35 of 1st period - Minor Penalty to Johnny Oduya for Boarding.
12:36 of 1st period - Jeff Carter wins face-off versus Matt Cullen in Sabres zone.
12:45 of 1st period - Shot by Jeff Carter.
12:45 of 1st period - Shot Misses the Net.
12:54 of 1st period - Off-side.
12:55 of 1st period - Matt Cullen wins face-off versus Henrik Sedin in neutral zone.
13:33 of 1st period - Icing by Teddy Purcell.
13:34 of 1st period - Matt Cullen wins face-off versus Henrik Sedin in Lightning zone.
14:33 of 1st period - Shot by Johnny Gaudreau.
14:33 of 1st period - Shot Misses the Net.
14:41 of 1st period - Shot by Kyle Turris.
14:41 of 1st period - Shot Misses the Net.
15:03 of 1st period - Rasmus Ristolainen is hit by Eric Fehr and loses puck.
15:24 of 1st period - Johnny Oduya is hit by Patric Hornqvist and loses puck.
15:29 of 1st period - Shot by Travis Zajac.
15:29 of 1st period - Stopped by Jhonas Enroth without a rebound.
15:30 of 1st period - Travis Zajac wins face-off versus Jacob Josefson in Sabres zone.
15:55 of 1st period - Shot by Patric Hornqvist.
15:55 of 1st period - Stopped by Jhonas Enroth without a rebound.
15:56 of 1st period - Jeff Carter wins face-off versus Nazem Kadri in Sabres zone.
16:07 of 1st period - Shot by Radim Vrbata.
16:07 of 1st period - Stopped by Jhonas Enroth without a rebound.
16:08 of 1st period - Henrik Sedin wins face-off versus Daniel Winnik in Sabres zone.
16:11 of 1st period - Shot by Tobias Rieder.
16:11 of 1st period - Stopped by Jhonas Enroth without a rebound.
16:12 of 1st period - Kyle Turris wins face-off versus Jeff Carter in Sabres zone.
16:35 of 1st period - Shot by Kyle Palmieri.
16:35 of 1st period - Shot Misses the Net.
16:46 of 1st period - Shot by Jeff Carter.
16:46 of 1st period - Stopped by Jhonas Enroth with a rebound.
17:45 of 1st period - Icing by Travis Zajac.
17:46 of 1st period - Patric Hornqvist wins face-off versus Zach Hyman in Lightning zone.
17:58 of 1st period - Shot by Daniel Winnik.
17:58 of 1st period - Shot Blocked by Andrej Sekera.
18:22 of 1st period - Shot by Gustav Nyquist.
18:22 of 1st period - Stopped by Kari Lehtonen without a rebound.
18:23 of 1st period - Jeff Carter wins face-off versus Nazem Kadri in Lightning zone.
18:48 of 1st period - Jeff Carter is hit by Oliver Ekman-Larsson and loses puck.
19:03 of 1st period - Jeff Carter is hit by Oliver Ekman-Larsson.
19:17 of 1st period - Shot by Troy Brouwer.
19:17 of 1st period - Deflect By Henrik Sedin.
19:17 of 1st period - Stopped by Jhonas Enroth with a rebound.
19:26 of 1st period - Tobias Rieder is hit by Oliver Ekman-Larsson and loses puck.
19:39 of 1st period - Shot by Brad Hunt.
19:39 of 1st period - Stopped by Jhonas Enroth without a rebound.
19:40 of 1st period - Kyle Turris wins face-off versus Teddy Purcell in Sabres zone.
19:47 of 1st period - Shot by Nino Niederreiter.
19:47 of 1st period - Shot Misses the Net.
Goals for this period are 2 for Sabres vs 0 for Lightning.
Shots for this period are 7 for Sabres vs 14 for Lightning.

2nd period


0:01 of 2nd period - Jeff Carter wins face-off versus Kyle Turris in neutral zone.
0:47 of 2nd period - Icing by Nino Niederreiter.
0:48 of 2nd period - Henrik Sedin wins face-off versus Kyle Turris in Sabres zone.
0:48 of 2nd period - David Schlemko is hit by Oliver Ekman-Larsson and loses puck.
1:04 of 2nd period - Henrik Sedin is hit by Oliver Ekman-Larsson and loses puck.
1:13 of 2nd period - Shot by Tobias Rieder.
1:13 of 2nd period - Shot Misses the Net.
2:10 of 2nd period - Shot by Nazem Kadri.
2:10 of 2nd period - Shot Misses the Net.
2:53 of 2nd period - Shot by Zach Hyman.
2:53 of 2nd period - Stopped by Kari Lehtonen with a rebound.
2:55 of 2nd period - Shot by Daniel Winnik.
2:55 of 2nd period - Shot Misses the Net.
3:48 of 2nd period - Tobias Rieder is hit by Rasmus Ristolainen and loses puck.
3:56 of 2nd period - Minor Penalty to Andrej Sekera for Hooking.
3:57 of 2nd period - Travis Zajac wins face-off versus Kyle Turris in Lightning zone.
4:10 of 2nd period - Travis Zajac is hit by Kyle Palmieri and loses puck.
4:31 of 2nd period - Travis Zajac is hit by Kyle Turris and loses puck.
6:02 of 2nd period - Shot by Jacob Josefson.
6:02 of 2nd period - Stopped by Kari Lehtonen with a rebound.
6:22 of 2nd period - Shot by Johnny Gaudreau.
6:22 of 2nd period - Shot Misses the Net.
7:15 of 2nd period - Minor Penalty to Troy Brouwer for Holding.
7:16 of 2nd period - Nazem Kadri wins face-off versus Travis Zajac in Lightning zone.
8:32 of 2nd period - Shot by Kyle Palmieri.
8:32 of 2nd period - Deflect By Thomas Vanek.
8:32 of 2nd period - Stopped by Kari Lehtonen without a rebound.
8:33 of 2nd period - Travis Zajac wins face-off versus Kyle Turris in Lightning zone.
8:50 of 2nd period - Shot by Kyle Palmieri.
8:50 of 2nd period - Shot Blocked by Andrej Sekera.
9:27 of 2nd period - Shot by Jacob Josefson.
9:27 of 2nd period - Stopped by Kari Lehtonen with a rebound.
9:41 of 2nd period - Shot by Jeff Carter.
9:41 of 2nd period - Shot Misses the Net.
9:43 of 2nd period - Shot by Jeff Carter.
9:43 of 2nd period - Shot Blocked by Braydon Coburn.
9:45 of 2nd period - Shot by David Schlemko.
9:45 of 2nd period - Stopped by Jhonas Enroth without a rebound.
9:46 of 2nd period - Zach Hyman wins face-off versus Henrik Sedin in Sabres zone.
9:54 of 2nd period - Minor Penalty to Zach Hyman for Hooking.
9:55 of 2nd period - Henrik Sedin wins face-off versus Matt Cullen in Sabres zone.
10:24 of 2nd period - Shot by Kevin Klein.
10:24 of 2nd period - Stopped by Jhonas Enroth without a rebound.
10:25 of 2nd period - Daniel Winnik wins face-off versus Jeff Carter in Sabres zone.
10:25 of 2nd period - Daniel Winnik is hit by Jeff Carter.
10:37 of 2nd period - Shot by Johnny Gaudreau.
10:37 of 2nd period - Shot Blocked by Daniel Winnik.
13:41 of 2nd period - Off-side.
13:42 of 2nd period - Jeff Carter wins face-off versus Zach Hyman in neutral zone.
14:24 of 2nd period - Shot by Johnny Gaudreau.
14:24 of 2nd period - Goal by Johnny Gaudreau - Sabres : 2 - Lightning : 1.
14:25 of 2nd period - Travis Zajac wins face-off versus Nazem Kadri in neutral zone.
16:13 of 2nd period - Shot by Kyle Turris.
16:13 of 2nd period - Stopped by Kari Lehtonen without a rebound.
16:14 of 2nd period - Zach Hyman wins face-off versus Henrik Sedin in Lightning zone.
16:15 of 2nd period - Shot by Gustav Nyquist.
16:15 of 2nd period - Shot Misses the Net.
16:42 of 2nd period - Henrik Sedin is hit by Zach Hyman and loses puck.
17:55 of 2nd period - Shot by Kyle Turris.
17:55 of 2nd period - Shot Misses the Net.
17:57 of 2nd period - Shot by Francois Beauchemin.
17:57 of 2nd period - Shot Misses the Net.
18:16 of 2nd period - Icing by Jacob Josefson.
18:17 of 2nd period - Travis Zajac wins face-off versus Lars Eller in Sabres zone.
18:30 of 2nd period - Shot by Patric Hornqvist.
18:30 of 2nd period - Shot Misses the Net.
18:35 of 2nd period - Jacob Josefson is hit by Patric Hornqvist and loses puck.
18:40 of 2nd period - Shot by Jacob Josefson.
18:40 of 2nd period - Goal by Jacob Josefson - Sabres : 3 - Lightning : 1.
18:41 of 2nd period - Nazem Kadri wins face-off versus Eric Fehr in neutral zone.
18:56 of 2nd period - Tomas Fleischmann is hit by Rasmus Ristolainen and loses puck.
18:59 of 2nd period - Shot by Tomas Fleischmann.
18:59 of 2nd period - Shot Misses the Net.
19:01 of 2nd period - Shot by Tomas Fleischmann.
19:01 of 2nd period - Shot Blocked by Nazem Kadri.
19:03 of 2nd period - Shot by Tomas Fleischmann.
19:03 of 2nd period - Stopped by Jhonas Enroth without a rebound.
19:04 of 2nd period - Kyle Turris wins face-off versus Travis Zajac in Sabres zone.
19:39 of 2nd period - Shot by Kyle Palmieri.
19:39 of 2nd period - Stopped by Kari Lehtonen without a rebound.
19:40 of 2nd period - Nazem Kadri wins face-off versus Jeff Carter in Lightning zone.
19:52 of 2nd period - David Schlemko is hit by Nazem Kadri.
Goals for this period are 1 for Sabres vs 1 for Lightning.
Shots for this period are 7 for Sabres vs 4 for Lightning.

3rd period


0:01 of 3rd period - Kyle Turris wins face-off versus Jeff Carter in neutral zone.
0:35 of 3rd period - Icing by Jeff Carter.
0:36 of 3rd period - Nazem Kadri wins face-off versus Jeff Carter in Lightning zone.
0:49 of 3rd period - Shot by Johnny Gaudreau.
0:49 of 3rd period - Deflect By Radim Vrbata.
0:49 of 3rd period - Stopped by Jhonas Enroth without a rebound.
0:50 of 3rd period - Travis Zajac wins face-off versus Zach Hyman in Sabres zone.
0:53 of 3rd period - Shot by Teddy Purcell.
0:53 of 3rd period - Shot Misses the Net.
1:08 of 3rd period - Icing by David Schlemko.
1:09 of 3rd period - Travis Zajac wins face-off versus Kyle Turris in Lightning zone.
1:09 of 3rd period - Travis Zajac is hit by Kyle Palmieri.
2:01 of 3rd period - Off-side.
2:02 of 3rd period - Jeff Carter wins face-off versus Nazem Kadri in neutral zone.
2:20 of 3rd period - Off-side.
2:21 of 3rd period - Henrik Sedin wins face-off versus Zach Hyman in neutral zone.
2:30 of 3rd period - Shot by Troy Brouwer.
2:30 of 3rd period - Deflect By Henrik Sedin.
2:30 of 3rd period - Stopped by Jhonas Enroth with a rebound.
2:32 of 3rd period - Shot by Troy Brouwer.
2:32 of 3rd period - Deflect By Henrik Sedin.
2:32 of 3rd period - Shot Misses the Net.
2:34 of 3rd period - Shot by Tobias Rieder.
2:34 of 3rd period - Stopped by Jhonas Enroth without a rebound.
2:35 of 3rd period - Jeff Carter wins face-off versus Nazem Kadri in Sabres zone.
2:38 of 3rd period - Shot by Radim Vrbata.
2:38 of 3rd period - Shot Misses the Net.
2:40 of 3rd period - Shot by Jeff Carter.
2:40 of 3rd period - Stopped by Jhonas Enroth with a rebound.
2:42 of 3rd period - Shot by Jeff Carter.
2:42 of 3rd period - Shot Blocked by Johnny Oduya.
2:44 of 3rd period - Shot by Johnny Gaudreau.
2:44 of 3rd period - Goal by Johnny Gaudreau - Sabres : 3 - Lightning : 2.
2:45 of 3rd period - Kyle Turris wins face-off versus Patric Hornqvist in neutral zone.
2:47 of 3rd period - Francois Beauchemin is hit by Erik Gudbranson and loses puck.
2:56 of 3rd period - Shot by Kyle Palmieri.
2:56 of 3rd period - Stopped by Kari Lehtonen without a rebound.
2:57 of 3rd period - Jeff Carter wins face-off versus Nazem Kadri in Lightning zone.
3:30 of 3rd period - Johnny Oduya is hit by Radim Vrbata and loses puck.
3:39 of 3rd period - Shot by Nazem Kadri.
3:39 of 3rd period - Shot Hit the Post.
4:04 of 3rd period - Minor Penalty to Oliver Ekman-Larsson for Goalie Interference.
4:05 of 3rd period - Daniel Winnik wins face-off versus Henrik Sedin in Sabres zone.
4:11 of 3rd period - Icing by Patric Hornqvist.
4:12 of 3rd period - Henrik Sedin wins face-off versus Matt Cullen in Lightning zone.
5:07 of 3rd period - Icing by Patric Hornqvist.
5:08 of 3rd period - Matt Cullen wins face-off versus Henrik Sedin in Lightning zone.
5:38 of 3rd period - Daniel Winnik is hit by Brad Hunt and loses puck.
6:18 of 3rd period - Icing by Tomas Fleischmann.
6:19 of 3rd period - Jacob Josefson wins face-off versus Eric Fehr in Lightning zone.
6:20 of 3rd period - Shot by Kris Versteeg.
6:20 of 3rd period - Deflect By Lars Eller.
6:20 of 3rd period - Shot Misses the Net.
6:44 of 3rd period - Minor Penalty to David Schlemko for Cross-checking.
6:45 of 3rd period - Kyle Turris wins face-off versus Travis Zajac in Lightning zone.
6:56 of 3rd period - Shot by Thomas Vanek.
6:56 of 3rd period - Stopped by Kari Lehtonen without a rebound.
6:57 of 3rd period - Travis Zajac wins face-off versus Nazem Kadri in Lightning zone.
7:20 of 3rd period - Shot by Gustav Nyquist.
7:20 of 3rd period - Deflect By Nazem Kadri.
7:20 of 3rd period - Stopped by Kari Lehtonen with a rebound.
8:52 of 3rd period - Icing by Braydon Coburn.
8:53 of 3rd period - Jacob Josefson wins face-off versus Jeff Carter in Sabres zone.
9:31 of 3rd period - Shot by Jacob Josefson.
9:31 of 3rd period - Shot Misses the Net.
10:10 of 3rd period - Off-side.
10:11 of 3rd period - Travis Zajac wins face-off versus Kyle Turris in neutral zone.
10:21 of 3rd period - Shot by Rasmus Ristolainen.
10:21 of 3rd period - Shot Misses the Net.
10:29 of 3rd period - Shot by Kyle Palmieri.
10:29 of 3rd period - Stopped by Kari Lehtonen without a rebound.
10:30 of 3rd period - Henrik Sedin wins face-off versus Nazem Kadri in Lightning zone.
10:30 of 3rd period - Henrik Sedin is hit by Nazem Kadri.
10:33 of 3rd period - Icing by Tobias Rieder.
10:34 of 3rd period - Henrik Sedin wins face-off versus Kyle Palmieri in Lightning zone.
10:34 of 3rd period - Henrik Sedin is hit by Nino Niederreiter.
10:46 of 3rd period - Shot by Henrik Sedin.
10:46 of 3rd period - Stopped by Jhonas Enroth with a rebound.
11:42 of 3rd period - Shot by Travis Zajac.
11:42 of 3rd period - Shot Misses the Net.
11:44 of 3rd period - Shot by Erik Gudbranson.
11:44 of 3rd period - Stopped by Jhonas Enroth without a rebound.
11:45 of 3rd period - Nazem Kadri wins face-off versus Jeff Carter in Sabres zone.
12:01 of 3rd period - Shot by Jeff Carter.
12:01 of 3rd period - Shot Misses the Net.
12:03 of 3rd period - Shot by Jeff Carter.
12:03 of 3rd period - Stopped by Jhonas Enroth without a rebound.
12:04 of 3rd period - Travis Zajac wins face-off versus Zach Hyman in Sabres zone.
12:04 of 3rd period - Erik Gudbranson is hit by Josh Gorges and loses puck.
12:30 of 3rd period - Shot by Gustav Nyquist.
12:30 of 3rd period - Shot Misses the Net.
12:32 of 3rd period - Shot by Gustav Nyquist.
12:32 of 3rd period - Goal by Gustav Nyquist - Sabres : 4 - Lightning : 2.
12:33 of 3rd period - Johnny Gaudreau wins face-off versus Nazem Kadri in neutral zone.
13:08 of 3rd period - Shot by Jeff Carter.
13:08 of 3rd period - Shot Misses the Net.
14:02 of 3rd period - Shot by Oliver Ekman-Larsson.
14:02 of 3rd period - Shot Misses the Net.
14:04 of 3rd period - Shot by Kyle Turris.
14:04 of 3rd period - Stopped by Kari Lehtonen with a rebound.
14:10 of 3rd period - Shot by Kyle Turris.
14:10 of 3rd period - Stopped by Kari Lehtonen without a rebound.
14:11 of 3rd period - Henrik Sedin wins face-off versus Daniel Winnik in Lightning zone.
14:18 of 3rd period - Shot by Troy Brouwer.
14:18 of 3rd period - Shot Blocked by Josh Gorges.
14:32 of 3rd period - Shot by Daniel Winnik.
14:32 of 3rd period - Shot Misses the Net.
14:34 of 3rd period - Shot by Daniel Winnik.
14:34 of 3rd period - Shot Misses the Net.
14:36 of 3rd period - Shot by Braydon Coburn.
14:36 of 3rd period - Stopped by Kari Lehtonen without a rebound.
14:37 of 3rd period - Jeff Carter wins face-off versus Kyle Palmieri in Lightning zone.
14:43 of 3rd period - Jeff Carter is hit by Oliver Ekman-Larsson and loses puck.
15:38 of 3rd period - Johnny Gaudreau is hit by Josh Gorges and loses puck.
15:55 of 3rd period - Daniel Winnik is hit by Erik Gudbranson and loses puck.
16:01 of 3rd period - Travis Zajac is hit by Zach Hyman and loses puck.
16:43 of 3rd period - Henrik Sedin is hit by Josh Gorges and loses puck.
17:08 of 3rd period - Tobias Rieder is hit by Braydon Coburn and loses puck.
17:24 of 3rd period - Off-side.
17:25 of 3rd period - Jeff Carter wins face-off versus Kyle Turris in neutral zone.
17:33 of 3rd period - Shot by Kyle Palmieri.
17:33 of 3rd period - Stopped by Kari Lehtonen without a rebound.
17:34 of 3rd period - Travis Zajac wins face-off versus Kyle Turris in Lightning zone.
17:34 of 3rd period - Travis Zajac is hit by Nino Niederreiter.
17:46 of 3rd period - Shot by Travis Zajac.
17:46 of 3rd period - Stopped by Jhonas Enroth without a rebound.
17:47 of 3rd period - Nazem Kadri wins face-off versus Jeff Carter in Sabres zone.
18:30 of 3rd period - Shot by Matt Cullen.
18:30 of 3rd period - Shot Misses the Net.
18:48 of 3rd period - Shot by Patric Hornqvist.
18:48 of 3rd period - Stopped by Jhonas Enroth without a rebound.
18:49 of 3rd period - Henrik Sedin wins face-off versus Kyle Turris in Sabres zone.
19:03 of 3rd period - Shot by Henrik Sedin.
19:03 of 3rd period - Stopped by Jhonas Enroth without a rebound.
19:04 of 3rd period - Lars Eller wins face-off versus Travis Zajac in Sabres zone.
19:11 of 3rd period - Kris Versteeg is hit by Patric Hornqvist.
19:38 of 3rd period - Shot by Patric Hornqvist.
19:38 of 3rd period - Deflect By Teddy Purcell.
19:38 of 3rd period - Shot Misses the Net.
Goals for this period are 1 for Sabres vs 1 for Lightning.
Shots for this period are 9 for Sabres vs 11 for Lightning.